 Dungeon Crawl Stone Soup version 0.29-a0-337-g68df138881 (webtiles) character file.

Game seed: 2802798337316788309

30 spaghetti the Conjurer (level 3, -2/21 HPs)
             Began as an Octopode Conjurer on Apr 16, 2022.
             Slain by a hobgoblin (4 damage)
             ... on level 2 of the Dungeon.
             The game lasted 00:01:33 (1106 turns).

spaghetti the Conjurer (Octopode Conjurer)          Turns: 1106, Time: 00:01:34

Health: -2/21      AC:  1    Str:  6    XL:     3   Next: 18%
Magic:  6/6        EV: 13    Int: 22    God:
Gold:   81         SH:  0    Dex: 10    Spells: 3/6 levels left

rFire   . . .      SeeInvis .   j - +0 spear {polearm}
rCold   . . .      Faith    .   (no shield)
rNeg    . . .      Spirit   .   (helmet restricted)
rPois   .          Reflect  .   (no amulet)
rElec   .          Harm     .   (no ring)
rCorr   .          Rampage  .   (no ring)
Will    .....                   (no ring)
Stlth   +++.......              (no ring)
HPRegen 0.07/turn               (no ring)
MPRegen 0.10/turn               (no ring)
                                (no ring)
                                (no ring)

@: no status effects
A: almost no armour, amphibious, 8 rings, camouflage 1, gelatinous body 1,
(nimble swimmer 1), tentacles
a: no special abilities


You were on level 2 of the Dungeon.
You visited 1 branch of the dungeon, and saw 2 of its levels.

You collected 81 gold pieces.


Innate Abilities, Weirdness & Mutations

You cannot wear most types of armour.
You are amphibious.
You can wear up to eight rings at the same time.
Your skin changes colour to match your surroundings (Stealth+).
Your rubbery body absorbs attacks. (AC +1, EV +1)
((You are camouflaged when in or above water. (Stealth+)))
You have tentacles for arms and can constrict up to eight enemies at once.


   Skills:
 + Level 0.1 Fighting
 + Level 2.0 Dodging
 + Level 2.8 Stealth
 + Level 2.0 Spellcasting
 * Level 4.9 Conjurations


You had 3 spell levels left.
You knew the following spells:

 Your Spells              Type           Power      Damage    Failure   Level
a - Magic Dart            Conj           96%        1d7       1%          1
b - Searing Ray           Conj           48%        2d6       2%          2

Your spell library contained the following spells:

 Spells                   Type           Power      Damage    Failure   Level
 Static Discharge         Conj/Air       13%        N/A       8%          2
 Dazzling Flash           Conj/Hex       26%        N/A       16%         3
 Fulminant Prism          Conj/Hex       6%         3d7       45%         4
 Iskenderun's Mystic Bla  Conj/Tloc      13%        2d5       45%         4
 Sticky Flame             Conj/Fire      13%        2d4       45%         4
 Dispel Undead            Necr           2%         3d7       80%         4

Inventory:

Hand Weapons
 e - a +0 flail {mace}
   (You took it off a gnoll on level 1 of the Dungeon)
 h - a +0 club {mace}
   (You found it on level 1 of the Dungeon)
 i - a +0 short sword {short}
   (You found it on level 1 of the Dungeon)
 j - a +0 spear (weapon) {polearm}
   (You found it on level 1 of the Dungeon)
Missiles
 f - 20 stones {throwing}
Scrolls
 c - a scroll of brand weapon {unknown}
 g - a scroll of fear {unknown}
Potions
 a - a potion of magic
 b - a potion of curing {unknown}
 d - a potion of heal wounds {unknown}

Dungeon Overview and Level Annotations

Branches:
Dungeon (1/15)

Altars:

####### . #.....# #
.#########....g###.####
.........'..†.gg@....>#
....####.#.....###......
.##.# #.#.....# .....
#.# #.#.....# .... #.#
#.#.....# ..# #.#
#.#.....# .# . #g#
#.#.....# #
.##.####.#.....#
.#........(


You could see 2 gnolls and a hobgoblin.


Message History

A hobgoblin and a ball python come into view. 😎 MP[+1]
Your mp is fully restored (6).
The magic dart hits the hobgoblin.
You kill the hobgoblin! 😎 MP[-1]
You lost 1 mp, and now have 5/6 mp.
The magic dart hits the ball python.
You kill the ball python!
You can't see any susceptible monsters within range! (Use Z to cast anyway.)
You can't see any susceptible monsters within range! (Use Z to cast anyway.)
You can't see any susceptible monsters within range! (Use Z to cast anyway.)
You can't see any susceptible monsters within range! (Use Z to cast anyway.)
You can't see any susceptible monsters within range! (Use Z to cast anyway.)
You can't see any susceptible monsters within range! (Use Z to cast anyway.)
You can't see any susceptible monsters within range! (Use Z to cast anyway.)
You can't see any susceptible monsters within range! (Use Z to cast anyway.)
You can't see any susceptible monsters within range! (Use Z to cast anyway.)
You can't see any susceptible monsters within range! (Use Z to cast anyway.)
You can't see any susceptible monsters within range! (Use Z to cast anyway.)
You can't see any susceptible monsters within range! (Use Z to cast anyway.) Key pressed, stopping explore.
Key pressed, stopping explore.
You pick up a book of Touch and begin reading...
You add the spells Static Discharge, Sticky Flame and Dispel Undead to your library. 😎 MP[+1]
Your mp is fully restored (6).
You can't see any susceptible monsters within range! (Use Z to cast anyway.)
A bat comes into view.
A bat is nearby!
The magic dart hits the bat.
You kill the bat! 😎 MP[-1]
You lost 1 mp, and now have 5/6 mp.
You can't see any susceptible monsters within range! (Use Z to cast anyway.)
You can't see any susceptible monsters within range! (Use Z to cast anyway.)
You can't see any susceptible monsters within range! (Use Z to cast anyway.)
You can't see any susceptible monsters within range! (Use Z to cast anyway.)
You can't see any susceptible monsters within range! (Use Z to cast anyway.)
You can't see any susceptible monsters within range! (Use Z to cast anyway.)
You can't see any susceptible monsters within range! (Use Z to cast anyway.)
You can't see any susceptible monsters within range! (Use Z to cast anyway.)
Okay, then.
Okay, then.
Unknown command.
Key pressed, stopping explore.
You see here a ball python corpse.
There is an open door here.
A sourceless malevolence fills the Dungeon...
You fall into a shaft and drop 1 floor!
The shaft crumbles and collapses. 4 gnolls come into view. 😎 MP[+1]
Your mp is fully restored (6).
Unknown command.
A gnoll comes into view. It is wielding a +0 club.
The gnoll shouts!
You hear a shout!
You open the door.
A giant cockroach comes into view.
A hobgoblin comes into view.
There is an open door here.
Casting: Magic Dart (safe; 1% risk of failure)
Confirm with . or Enter, or press ? or * to list all spells.
Aiming: Searing Ray (safe; 2% risk of failure)
Press: ? - help, Shift-Dir - straight line, f - hobgoblin
Aim: a hobgoblin (asleep, 100% to hit)
Okay, then.
The hobgoblin shouts!
You hit the giant cockroach. You grab the giant cockroach.
You constrict the giant cockroach. The giant cockroach barely misses you.
The hobgoblin closely misses you.
You hit the hobgoblin. Your grab misses the hobgoblin.
You constrict the giant cockroach.
You kill the giant cockroach!
The hobgoblin hits you. 😕 HP[-5]
You take 5 damage, and now have 16/21 hp.
MASSIVE DAMAGE!! (PAUSE)
You hit the hobgoblin. You grab the hobgoblin.
You constrict the hobgoblin, but do no damage.
The hobgoblin barely misses you.
You release your grip on the hobgoblin.
The hobgoblin hits you. 😮 HP[-5]
You take 5 damage, and now have 11/21 hp.
MASSIVE DAMAGE!! (PAUSE) As you open the door, it creaks loudly!
The hobgoblin barely misses you. The gnoll hits you with a +0 club.
* * * LOW HITPOINT WARNING * * *
Found a stone staircase leading down. 😨 HP[-5]
You take 5 damage, and now have 6/21 hp.
MASSIVE DAMAGE!! (PAUSE)
The gnoll attacks as you move away! The gnoll hits you with a +0 club.
* * * LOW HITPOINT WARNING * * *
There is an open door here. 😱 HP[-4]
You take 4 damage, and now have 2/21 hp.
The hobgoblin attacks as you move away! The hobgoblin hits you.
You die...

Action                   || total
-------------------------++-------
Melee: Spear             ||     5
       Constrict         ||     3
       Unarmed           ||     1
       Tentacles         ||     1
 Cast: Magic Dart        ||    31
Dodge: Dodged            ||     8

Levels and vault maps discovered:
D:1:      lemuel_arrival_room, layout_basic, minmay_shallow_snake_nest
D:2:      layout_basic, serial_shops, shop, minmay_bisected

Notes
Turn   | Place    | Note
-------+----------+-------------------------------------------
     0 | D:1      | spaghetti the Octopode Conjurer began the quest for the
                  | Orb.
     0 | D:1      | Reached XP level 1. HP: 11/11 MP: 3/3
    34 | D:1      | magus.rc [v1.9.6]
    95 | D:1      | Reached XP level 2. HP: 17/17 MP: 0/5
   150 | D:1      | Learned a level 2 spell: Searing Ray
   669 | D:1      | Reached XP level 3. HP: 21/21 MP: 3/6
   961 | D:1      | You pick up a book of Touch and begin reading...
   961 | D:1      | You add the spells Static Discharge, Sticky Flame and
                  | Dispel Undead to your library.
  1076 | D:1      | You fall into a shaft and drop 1 floor!
  1104 | D:2      | HP: 2/21 [gnoll/+0 club (4)]
  1106 | D:2      | Slain by a hobgoblin

Vanquished Creatures
  A gnoll (D:1)
  2 ball pythons (D:1)
  2 giant cockroaches
  2 hobgoblins (D:1)
  3 jackals (D:1)
  A kobold (D:1)
  3 bats (D:1)
  A frilled lizard (D:1)
  5 rats (D:1)
20 creatures vanquished.

Table legend:
 A = Non-vault XP
 B = Vault XP
 C = Vault XP percentage of total XP
 D = Non-vault monster count
 E = Vault monster count
 F = Vault count percentage of total count
                 A         B        C        D         E       F
            +---------+---------+-------+---------+---------+-------
      Total |      41 |       2 |   4.7 |      19 |       1 |   5.0
            +---------+---------+-------+---------+---------+-------
        D:1 |      39 |       2 |   4.9 |      18 |       1 |   5.3
        D:2 |       2 |       0 |   0.0 |       1 |       0 |   0.0
            +---------+---------+-------+---------+---------+-------

Illustrated notes

Table legend:
 A = Kills in this place as a percentage of kills in entire the game.
 B = Kills by you in this place as a percentage of kills by you in the entire game.
 C = Kills by friends in this place as a percentage of kills by friends in the entire game.
 D = Other kills in this place as a percentage of other kills in the entire game.
 E = Experience gained in this place as a percentage of experience gained in the entire game.
 F = Experience gained in this place divided by the number of levels of this place that you have seen.
                   A       B       C       D       E      F
               +-------+-------+-------+-------+-------+----------------------
         Total | 100.0 | 100.0 |   N/A |   N/A | 100.0 |  21.5
       Dungeon | 100.0 | 100.0 |   N/A |   N/A | 100.0 |  21.5
               +-------+-------+-------+-------+-------+----------------------

Table legend: (Time is in decaauts)
 A = Elapsed time spent in this place.
 B = Non-inter-level travel time spent in this place.
 C = Inter-level travel time spent in this place.
 D = Time resting spent in this place.
 E = Time spent auto-exploring this place.
 F = Levels seen in this place.
 G = Mean time per level.
                   A        B        C        D        E       F      G
               +--------+--------+--------+--------+--------+-----+--------+
         Total |   1105 |   1105 |      0 |     52 |    943 |   2 |  552.5 |
       Dungeon |   1105 |   1105 |      0 |     52 |    943 |   2 |  552.5 |
               +--------+--------+--------+--------+--------+-----+--------+

Top non-repeatable levels by time:
     D:1: 1075 daAuts
     D:2: 30 daAuts
